 Dungeon Crawl Stone Soup version 0.30-a0-743-gbfdf073431 (webtiles) character file.

Game seed: 5844419527771448644

14 Majang the Sneak (level 2, -3/19 HPs)
             Began as a Vampire Delver on Feb 6, 2023.
             Slain by a gnoll
             ... wielding a +0 flail
              (9 damage)
             ... on level 4 of the Dungeon.
             The game lasted 00:02:12 (161 turns).

Majang the Sneak (Vampire Delver)                    Turns: 161, Time: 00:02:13

Health: -3/19      AC:  3    Str: 11    XL:     2   Next: 31%
Magic:  2/2        EV: 12    Int: 12    God:
Gold:   12         SH:  0    Dex: 15    Spells: 1/1 levels left

rFire   . . .      SeeInvis +    a - +0 short sword
rCold   + + .      Faith    .    (no shield)
rNeg    + + +      Spirit   .    b - +0 leather armour
rPois   ∞          Reflect  .    (no helmet)
rElec   .          Harm     .    (no cloak)
rCorr   .          Rampage  .    (no gloves)
Will    .....                    (no boots)
Stlth   +++++                    (no amulet)
HPRegen 0.00/turn                (no ring)
MPRegen 0.08/turn                (no ring)

@: bloodless, inhibited regen
A: bloodless, fangs 3, see invisible, vampiric 1
a: Revivify


You were on level 4 of the Dungeon.
You visited 1 branch of the dungeon, and saw 2 of its levels.

You collected 12 gold pieces.

Inventory:

Hand Weapons
 a - a +0 short sword (weapon)
Armour
 b - a +0 leather armour (worn)
Wands
 g - a wand of digging (3)
Scrolls
 c - a scroll of fog
 d - a scroll of magic mapping
 e - a scroll of fear
 h - a scroll of enchant weapon {unknown}
 i - a scroll of brand weapon {unknown}


   Skills:
 + Level 3.0 Fighting
 * Level 3.0 Short Blades
 - Level 2.1 Dodging
 - Level 7.2 Stealth


You had one spell level left.
You didn't know any spells.
Your spell library contained the following spells:

 Spells                   Type           Power      Damage    Failure   Level
 Cause Fear               Hex            0%         N/A       99%         4
 Dragon Form              Tmut           0%         N/A       100%        7
 Dragon's Call            Summ           0%         N/A       100%        9


Dungeon Overview and Level Annotations

Branches:
Dungeon (5/15)
 Temple: D:4-7

Altars:

Annotations:
D:4 Natasha


Innate Abilities, Weirdness & Mutations

You do not regenerate when monsters are visible.
You are frail without blood (-20% HP).
You can heal yourself when you bite living creatures.
You are immune to poison.
You have razor-sharp teeth.
You have supernaturally acute eyesight. (SInv)
You are afflicted with vampirism.


Message History

The adder bites you.
You closely miss the adder.
The adder is almost dead.
The adder misses you.
You closely miss the adder.
The adder is almost dead.
The adder bites you. The adder closely misses you.
You hit the adder.
The adder is almost dead.
The adder barely misses you.
You hit the adder.
You kill the adder!
You have reached level 2!
The helpless orc fails to defend itself.
You bite the orc, and draw its blood!
You feel better.
You impale the orc!!
You kill the orc!
Your Fighting skill increases to level 3!
Your Short Blades skill increases to level 3!
You see here a +0 hand axe of flaming.
You start resting.
HP restored. 2 gnolls come into view.
A gnoll comes into view. It is wielding a +0 halberd.
The gnoll shouts! x3
The gnoll hits you from afar with a +0 halberd!
Ouch! That really hurt!
A giant cockroach comes into view.
Found a club.
Found a scroll labelled FOUFARCHEFA.
Found 11 gold pieces.
Natasha and a hobgoblin come into view.
A goblin comes into view. It is wielding a +0 club.
Found a scroll labelled GICZUON QAOW.
Found a thin jewelled staff.
Found a scroll labelled GICZUON QAOW.
Found a yellow potion.
The gnoll attacks as you move away! The gnoll closely misses you.
The gnoll attacks as you move away! The gnoll closely misses you.
The gnoll attacks as you move away! The gnoll hits you with a +0 flail!
You die...

....# ... ... .!.
## #.# . #.# #.#
# #@# # .. #g#
#.#...
#.######### ..#.#
#.##...g.?# ....
##.g.......# ...
#.....#.#g..g.# #
.###
#.##?.........#.#
...#
...#.#.#.....#.#
...#
#.#.#...|.g.h...#


You could see 2 gnolls.

Vanquished Creatures
  An adder (D:4)
  A dart slug (D:4)
  An orc (D:4)
3 creatures vanquished.

Notes
Turn   | Place    | Note
-------+----------+-------------------------------------------
     0 | D:5      | Majang the Vampire Delver began the quest for the Orb.
     0 | D:5      | Reached XP level 1. HP: 17/17 MP: 1/1
    45 | D:5      | Noticed a scorpion
    45 | D:5      | Noticed an ogre
   103 | D:4      | Reached XP level 2. HP: 13/18 MP: 2/2
   146 | D:4      | Noticed Natasha
   161 | D:4      | Slain by a gnoll

Illustrated notes

Levels and vault maps discovered:
D:4:      layout_basic, serial_glass, glass_columns_a, glass_columns_b,
          nicolae_wormholes, uniq_natasha, uniq_grinder
D:5:      layout_loops_ring, due_unseen_surprise

Skill      XL: |  1  2 |
---------------+-------+-----
Fighting       | 3 |  3.0
Short Blades   | 3 |  3.0
Dodging        | |  2.1
Stealth        | |  7.2

Action                     || total
---------------------------++-------
  Melee: Short sword       ||    11
Ability: Exsanguinate      ||     1
    Use: Potion            ||     1
   Stab: Sleeping          ||     2
 Armour: Leather armour    ||     2
  Dodge: Dodged            ||     9

Table legend: (Time is in decaauts)
 A = Elapsed time spent in this place.
 B = Non-inter-level travel time spent in this place.
 C = Inter-level travel time spent in this place.
 D = Time resting spent in this place.
 E = Time spent auto-exploring this place.
 F = Levels seen in this place.
 G = Mean time per level.
                   A        B        C        D        E       F      G
               +--------+--------+--------+--------+--------+-----+--------+
         Total |    146 |    146 |      0 |      8 |      0 |   2 |   73.0 |
       Dungeon |    146 |    146 |      0 |      8 |      0 |   2 |   73.0 |
               +--------+--------+--------+--------+--------+-----+--------+

Top non-repeatable levels by time:
     D:5: 75 daAuts
     D:4: 70 daAuts
